 Dungeon Crawl Stone Soup version 0.29.0-13-gc9e81de378 (webtiles) character file.

Game seed: 15392999895193682024

530 RascalDebosk the Chopper (level 7, -1/61 HPs)
             Began as a Minotaur Berserker on Sept 10, 2022.
             Was a Believer of Trog.
             Slain by a lemure (8 damage)
             ... led by Pikel
             ... on level 4 of the Dungeon.
             The game lasted 00:17:29 (3003 turns).

RascalDebosk the Chopper (Minotaur Berserker)       Turns: 3003, Time: 00:17:30

Health: -1/61      AC:  9    Str: 22    XL:     7   Next: 3%
Magic:  6/6        EV: 11    Int:  6    God:    Trog [**....]
Gold:   54         SH:  0    Dex: 15    Spells: 6/6 levels left

rFire   . . .      SeeInvis .   v - +3 flail (holy)
rCold   . . .      Faith    .   (no shield)
rNeg    . . .      Spirit   .   b - +0 ring mail
rPois   .          Reflect  .   (helmet restricted)
rElec   .          Harm     .   (no cloak)
rCorr   .          Rampage  .   g - +2 pair of gloves
Will    .....                   (no boots)
Stlth   +.........              (no amulet)
HPRegen 0.20/turn               c - +6 ring of dexterity
MPRegen 0.10/turn               (no ring)

@: on berserk cooldown, slowed, very slow
A: horns 2, retaliatory headbutt
a: Renounce Religion, Berserk, Trog's Hand


You were on level 4 of the Dungeon.
You worshipped Trog.
Trog was pleased with you.
You visited 1 branch of the dungeon, and saw 4 of its levels.

You collected 104 gold pieces.
You spent 50 gold pieces at shops.

Inventory:

Hand Weapons
 a - a +1 hand axe
 v - a +3 flail of holy wrath (weapon)
Armour
 b - a +0 ring mail (worn)
 g - a +2 pair of gloves (worn)
Jewellery
 c - a +6 ring of dexterity (left hand)
Wands
 r - a wand of paralysis (7)
Scrolls
 h - a scroll of identify
 m - a scroll of teleportation
Potions
 d - 4 potions of curing
 e - 2 potions of mutation
 f - 3 potions of lignification
 i - 2 potions of attraction {unknown}
 l - a potion of ambrosia {unknown}
 n - 2 potions of brilliance {unknown}
 q - a potion of berserk rage {unknown}
 s - a potion of flight {unknown}


   Skills:
 + Level 5.3 Fighting
 + Level 5.4 Axes
 + Level 3.0 Throwing
 + Level 4.5 Armour
 - Level 2.1 Dodging
 + Level 2.7 Evocations


You had 6 spell levels left.
You didn't know any spells.
Your spell library was empty.

Dungeon Overview and Level Annotations

Branches:
Dungeon (4/15)             Temple (0/1) D:4

Altars:
Vehumet
Xom

Shops:
D:3 ((*[

Annotations:
D:4 Pikel


Innate Abilities, Weirdness & Mutations

You have a pair of horns on your head.
You reflexively headbutt those who attack you in melee.


Message History

You feel yourself slow down. The lemure barely misses you.
The lemure closely misses you. You furiously retaliate!
You headbutt the lemure.
Pikel hits you with a +2 whip of flaming.
Pikel burns you.
You barely miss Pikel.
Pikel is heavily wounded.
The lemure hits you but does no damage. x2; Pikel barely misses you.
The lemure closely misses you. You furiously retaliate!
You headbutt the lemure! The lemure hits you.
Pikel hits you with a +2 whip of flaming.
Pikel burns you.
You hit Pikel. Your headbutt misses Pikel.
Pikel is heavily wounded.
The lemure closely misses you. You furiously retaliate!
You headbutt the lemure! The lemure hits you but does no damage.
Pikel hits you with a +2 whip of flaming.
Pikel burns you.
Unknown command.
You closely miss Pikel.
Pikel is heavily wounded.
Pikel says, "You'll rust in Dis!"
Pikel hits you with a +2 whip of flaming.
* * * LOW HITPOINT WARNING * * *
Pikel burns you.
* * * LOW HITPOINT WARNING * * *
The lemure closely misses you. The lemure hits you.
* * * LOW HITPOINT WARNING * * *
Pikel cracks his whip.
Pikel misses you. The lemure closely misses you. You furiously retaliate!
You headbutt the lemure, but do no damage.
The lemure hits you but does no damage.
You closely miss Pikel.
Pikel is heavily wounded.
Pikel hits you with a +2 whip of flaming!
* * * LOW HITPOINT WARNING * * *
Pikel burns you.
* * * LOW HITPOINT WARNING * * *
The lemure hits you but does no damage. x2; The lemure hits you!
You die...

*,,,,,,,,,,,,,*,,,,,,,,,,,,,,,,,,
*,,,,,,,,.....*,,.......,,,,,,,,,
,,,,,,,,,...!.*,.........,,,,,,,,
,,,,,,,,,,....###.........,,,,,,,
###**+*****#...............,,,,,,
..#,,,,*,,,#................,,,,,
.=#,,,,+,,,#................,,,,,
..#,,,,#...#...K55..........,,,,,
..#,,,,#...#....@...........,,,,,
..#,,,,#...#................,,,,,
..#,,,,,...#................,,,,,
..#,,,###....[..............,,,,,
.##..##.#####........##...#,*****
.##..#......##........#*###,,,,,,
..#.##..#....##.......#,,,,,*,,,,
..#.#.#...#..©#.......#,,,,,*,,,,
..#.#..#.##..##.......#,,,,,+,,,,


You could see Pikel and 2 lemures.

Vanquished Creatures
  The ghost of Vadun the Charlatan, an amateur GnWn of Cheibriados (D:4)
  2 lemures (D:4)
  3 quasits (D:4)
  Ijyb (D:3)
  Jessica (D:3)
  Terence (D:2)
  An orc wizard (D:3)
  4 gnolls (D:3)
  An adder (D:3)
  2 worms (D:3)
  2 dart slugs
  4 orcs
  8 endoplasms
  3 giant cockroaches
  9 hobgoblins
  3 jackals (D:2)
  3 kobolds
  3 quokkas (D:1)
  6 ball pythons
  9 bats
  5 frilled lizards
  4 goblins
  6 rats
  A spectral kobold (D:1)
83 creatures vanquished.

Notes
Turn   | Place    | Note
-------+----------+-------------------------------------------
     0 | D:1      | RascalDebosk the Minotaur Berserker began the quest for the
                  | Orb.
     0 | D:1      | Reached XP level 1. HP: 19/19 MP: 0/0
   311 | D:1      | Reached XP level 2. HP: 10/27 MP: 1/1
   612 | D:1      | Found a faded altar of an unknown god.
   671 | D:1      | Reached ** piety under Trog
   728 | D:1      | Reached skill level 1 in Throwing
   728 | D:1      | Reached XP level 3. HP: 33/33 MP: 2/2
  1013 | D:1      | Reached skill level 1 in Evocations
  1150 | D:2      | Noticed Terence
  1163 | D:2      | Killed Terence
  1344 | D:2      | Reached XP level 4. HP: 35/40 MP: 3/3
  1770 | D:3      | Found Buop's Assorted Antiques.
  1790 | D:3      | Bought a cyan potion for 25 gold pieces
  1790 | D:3      | Bought an emerald potion for 25 gold pieces
  1882 | D:3      | Noticed Jessica
  1885 | D:3      | Killed Jessica
  1993 | D:3      | Found Kahir's Weapon Shoppe.
  1994 | D:3      | Noticed Ijyb
  2004 | D:3      | Reached XP level 5. HP: 17/47 MP: 4/4
  2010 | D:3      | Killed Ijyb
  2254 | D:3      | Found Zycwaes's Antique Weapon Shoppe.
  2535 | D:3      | Found Gehuh's Antique Armour Boutique.
  2577 | D:3      | Found a radiant altar of Vehumet.
  2629 | D:3      | Found a shimmering altar of Xom.
  2896 | D:4      | Found a transporter.
  2896 | D:4      | Noticed Vadun's ghost (amateur GnWn)
  2906 | D:4      | Reached XP level 6. HP: 55/55 MP: 5/5
  2908 | D:4      | Killed Vadun's ghost
  2909 | D:4      | Reached skill level 5 in Fighting
  2909 | D:4      | Reached skill level 5 in Axes
  2910 | D:4      | Reached XP level 7. HP: 61/61 MP: 6/6
  2910 | D:4      | Found a transporter.
  2983 | D:4      | Noticed Pikel
  2985 | D:4      | Paralysed by Pikel for 2 turns
  2993 | D:4      | Paralysed by Pikel for 5 turns
  3003 | D:4      | Slain by a lemure

Illustrated notes

Levels and vault maps discovered:
D:1:      evilmike_arrival_plus, layout_basic,
          dreamdust_ecumenical_altar_drowned_temple
D:2:      layout_basic, uniq_terence
D:3:      layout_basic, mainiacjoe_overflow_catwalk_spiral, serial_shops,
          nicolae_shop_advertising_works [nicolae_subvault_shop_adworks],
          nicolae_lakefront_shop, shop, shop, uniq_ijyb, uniq_jessica
D:4:      layout_gridville, minmay_temple_entry_statues_pillars,
          gammafunk_ghost_stat_death, chequers_serial_rivers_large_a,
          wad_floor_pattern_1, hangedman_decor_lopped, dreamdust_wishing_well,
          chequers_hall_statues_wall_a, uniq_pikel

Skill      XL: |  1  2  3  4  5  6 |
---------------+-------------------+-----
Fighting       | 4 5 |  5.3
Axes           | 4 5 |  5.4
Throwing       | 1 2 3 |  3.0
Evocations     | 1 2 |  2.7
Armour         | 3 4 |  4.5
Dodging        | |  2.1

Action                   |  1- 3 |  4- 6 |  7- 9 || total
-------------------------+-------+-------+-------++-------
Melee: Hand axe          |    76 |    68 |       ||   144
       Headbutt          |    10 |     9 |     2 ||    21
       Flail             |       |     6 |    17 ||    23
Invok: Berserk           |     1 |     4 |     1 ||     6
       Trog's Hand       |       |     1 |       ||     1
  Use: Scroll            |       |    11 |       ||    11
Armor: Animal skin       |    16 |       |       ||    16
       Leather armour    |     7 |     5 |       ||    12
       Ring mail         |       |    46 |    17 ||    63
Dodge: Dodged            |    45 |    73 |    13 ||   131
